AoeStats
← DemonioVilar

Arabia

509783412Analyzed
2v2 RM · 6d ago on Sep 28, 2026· 40m 40s· 4 players
Game mode
Random Map
Map size
Medium (4 player)
Population
200
Speed
Normal
Resources
Standard
Victory
Conquest
Starting age
Dark Age
Ending age
Imperial Age
RankedLock teamsTeams togetherTeam positionsShared explorationLock speedFull tech treeHidden civsTurbo modeCheats
Victory
Defeat
🇦🇷 Saxons · Argentina
972
+14
🇺🇸 Hindustanis · United States
951
+15
🇦🇷 Romans · Argentina
943
-15
🇦🇷 Tatars · Argentina
922
-14
DemonioVilar
7:44 Loom
9:56 Feudal Age
10:22 Double-Bit Axe
14:10 Forging
21:25 Castle Age
20:26 Fletching
22:59 Bow Saw
22:57 Bodkin Arrow
24:41 Pikeman
25:21 Squires
LEOLAZZA
8:42 Loom
10:28 Feudal Age
13:24 Double-Bit Axe
15:58 Bloodlines
18:04 Wheelbarrow
18:23 Gold Mining
22:11 Castle Age
20:57 Horse Collar
22:41 Fletching
23:28 Padded Archer Armor
22:56 Crossbowman
23:43 Husbandry
25:18 Bodkin Arrow
26:08 Leather Archer Armor
26:47 Heavy Plow
28:00 Forging
28:47 Bow Saw
30:14 Iron Casting
36:10 Hand Cart
xdmastorx
7:58 Loom
11:27 Feudal Age
13:40 Double-Bit Axe
21:48 Castle Age
20:23 Fletching
21:49 Gold Mining
24:34 Bloodlines
24:53 Husbandry
30:15 Wheelbarrow
31:57 Town Watch
32:58 Stone Mining
34:45 Scale Barding Armor
34:51 Forging
35:37 Gold Shaft Mining
34:44 Light Cavalry
35:59 Elite Skirmisher
38:41 Bodkin Arrow
39:07 Chain Barding Armor
40:29 Stone Shaft Mining
[ESTG] Daupoch
7:45 Loom
10:17 Feudal Age
10:47 Double-Bit Axe
10:44 Horse Collar
15:53 Wheelbarrow
20:41 Castle Age
19:16 Scale Mail Armor
19:03 Arson
19:31 Gold Mining
19:55 Forging
21:09 Gambesons
22:03 Chain Mail Armor
22:23 Bow Saw
22:54 Squires
23:06 Heavy Plow
28:39 Sanctity
29:05 Gold Shaft Mining
34:22 Hand Cart
37:10 Iron Casting
39:47 Imperial Age
Connection lost

Rejoining the realm…

Still unreachable

The connection could not be restored.

Session expired

The server has moved on; the page needs a fresh start.